 Seeded DCSS version 0.28.0-47-ge53b351184 (webtiles) character file.

Game seed: 523019199727972820 (custom seed)

191 thiscave3701365 the Chopper (level 5, -2/46 HPs)
             Began as a Minotaur Berserker on May 9, 2022.
             Was a Believer of Trog.
             Killed from afar by an orc wizard (6 damage)
             ... with a puff of flame
             ... on level 4 of the Dungeon.
             The game lasted 00:01:41 (3574 turns).

thiscave3701365 the Chopper (Minotaur Berserker)    Turns: 3574, Time: 00:01:41

Health: -2/46      AC:  2    Str: 23    XL:     5   Next: 41%
Magic:  4/4        EV: 12    Int:  4    God:    Trog [**....]
Gold:   130        SH:  0    Dex: 10    Spells: 4/4 levels left

rFire   . . .      SeeInvis .   a - +0 hand axe
rCold   . . .      Faith    .   (no shield)
rNeg    . . .      Spirit   .   b - +0 animal skin
rPois   .          Reflect  .   (helmet restricted)
rElec   .          Harm     .   (no cloak)
rCorr   .          Rampage  .   (no gloves)
Will    .....                   (no boots)
Stlth   +.........              (no amulet)
HPRegen 0.15/turn               (no ring)
MPRegen 0.09/turn               (no ring)

@: on berserk cooldown, slowed, very slow
A: horns 2, retaliatory headbutt
a: Renounce Religion, Berserk, Trog's Hand


You were on level 4 of the Dungeon.
You worshipped Trog.
Trog was pleased with you.
You visited 1 branch of the dungeon, and saw 4 of its levels.

You collected 130 gold pieces.

Inventory:

Hand Weapons
 a - a +0 hand axe (weapon)
Missiles
 k - 2 throwing nets
Armour
 b - a +0 animal skin (worn)
Jewellery
 h - an amulet of faith
 j - a ring of poison resistance
 r - an amulet of guardian spirit
Wands
 s - a wand of polymorph (2)
Scrolls
 c - 2 scrolls of fog {unknown}
 e - 4 scrolls of teleportation {unknown}
 i - a scroll of fear {unknown}
 l - a scroll of amnesia {unknown}
 m - a scroll of identify {unknown}
 n - a scroll of blinking {unknown}
 o - 2 scrolls of vulnerability {unknown}
Potions
 d - a potion of curing {unknown}
 f - a potion of berserk rage {unknown}
 g - a potion of resistance {unknown}
 p - a potion of invisibility {unknown}
 q - a potion of might {unknown}


   Skills:
 - Level 4.2 Fighting
 + Level 6.9 Axes
 - Level 2.6 Armour
 - Level 2.4 Dodging


You had 4 spell levels left.
You didn't know any spells.
Your spell library was empty.

Dungeon Overview and Level Annotations

Branches:
Dungeon (4/15)
 Temple: D:4-7

Altars:
Ashenzari

Annotations:
D:3 3 runed translucent doors, Cruo's ghost, amateur MiCK


Innate Abilities, Weirdness & Mutations

You have a pair of horns on your head.
You reflexively headbutt those who attack you in melee.


Message History

A magic dart appears from out of thin air!
The magic dart hits you!
Things that are here:
a +0 dagger; a +0 robe You bump into the rock wall.
You feel your anger nearly subside.
You are no longer berserk.
You are exhausted.
You feel yourself slow down.
You hear some strange, mumbled words.
A puff of flame appears from out of thin air!
The puff of flame hits you!
You barely miss something. Your headbutt misses something. Something hits you.
You closely miss something. Your headbutt misses something.
You feel less confused. Something hits you.
You barely miss the orc. The orc barely misses you. You furiously retaliate!
You headbutt the orc. You barely miss the orc.
The orc is heavily wounded.
The orc hits you with a +0 short sword.
You hit the orc. Your headbutt misses the orc.
The orc is heavily wounded.
The orc barely misses you. You furiously retaliate!
You headbutt the orc.
You kill the orc!
Trog accepts your kill.
You miss something. Your headbutt misses something. Something hits you.
You barely miss something.
You hear some strange, mumbled words.
A magic dart appears from out of thin air!
The magic dart hits you.
* * * LOW HITPOINT WARNING * * *
Something hits you.
* * * LOW HITPOINT WARNING * * *
You barely miss something. Your headbutt misses something. Something hits you.
* * * LOW HITPOINT WARNING * * *
You completely miss something.
You hear some strange, mumbled words.
A puff of flame appears from out of thin air!
The puff of flame hits you.
You die...

#..#..##.......#
###.#
#)†######......#
#.# 8..8#
#......# #.#
......+ ########
#.# ..##..# #.#
## ### #.# ###
#.#
#....#######.#
#..{@.....#
#....#########
###


There were no monsters in sight!

Vanquished Creatures
  A howler monkey (D:4)
  Ijyb (D:4)
  An orc wizard (D:4)
  A gnoll (D:1)
  3 adders
  2 worms
  2 orcs (D:4)
  8 endoplasms
  3 giant cockroaches
  3 goblins
  5 hobgoblins
  3 quokkas
  5 ball pythons
  6 bats
  A frilled lizard (D:1)
  7 kobolds
  8 rats
60 creatures vanquished.

Notes
Turn   | Place    | Note
-------+----------+-------------------------------------------
     0 | D:1      | thiscave3701365 the Minotaur Berserker began the quest for
                  | the Orb.
     0 | D:1      | Reached XP level 1. HP: 19/19 MP: 0/0
   307 | D:1      | Reached XP level 2. HP: 27/27 MP: 1/1
   452 | D:1      | Reached skill level 4 in Axes
   806 | D:1      | Found a faded altar of an unknown god.
  1297 | D:2      | Reached XP level 3. HP: 33/33 MP: 2/2
  1636 | D:2      | Reached skill level 5 in Axes
  1782 | D:2      | Reached ** piety under Trog
  1796 | D:2      | Found a broken altar of Ashenzari.
  2563 | D:3      | Reached XP level 4. HP: 34/40 MP: 3/3
  2693 | D:3      | Found a runed translucent gate.
  2694 | D:3      | Found a runed translucent gate.
  2695 | D:3      | Found a runed translucent gate.
  2749 | D:3      | Noticed Cruo's ghost (amateur MiCK)
  3362 | D:4      | Reached skill level 6 in Axes
  3364 | D:4      | Reached XP level 5. HP: 46/46 MP: 4/4
  3434 | D:4      | Noticed Ijyb
  3452 | D:4      | Killed Ijyb
  3574 | D:4      | Killed from afar by an orc wizard

Illustrated notes

Levels and vault maps discovered:
D:1:      minmay_arrival_floating_metal, layout_loops_corners,
          shapermc_ecumenical_altar_notcrosses, minivault_11
D:2:      layout_basic, basic_altar
D:3:      layout_basic, gammafunk_ghost_icy
D:4:      minmay_chambers_of_twos, layout_loops_cross,
          minmay_temple_entry_fiery, minmay_fractal_squares_5, uniq_ijyb

Skill      XL: |  1  2  3  4 |
---------------+-------------+-----
Fighting       | 4 |  4.2
Axes           | 4 5 6 |  6.9
Armour         | |  2.6
Dodging        | |  2.4

Action                   |  1- 3 |  4- 6 || total
-------------------------+-------+-------++-------
Melee: Hand axe          |    80 |    47 ||   127
       Headbutt          |     6 |     3 ||     9
       Unarmed           |       |    14 ||    14
Invok: Berserk           |     1 |     3 ||     4
Armor: Animal skin       |    13 |     2 ||    15
       Skin              |       |     1 ||     1
Dodge: Dodged            |    52 |    40 ||    92
